River Frogs vs Ice Dragons
Created - October 26, 2020 at 19:15
Goals
|
River Frogs |
0 |
3 |
0 |
3 |
Ice Dragons |
1 |
1 |
2 |
4 |
|
Shots
|
River Frogs |
17 |
17 |
8 |
42 |
Ice Dragons |
15 |
9 |
11 |
35 |
|
1st period
1. Ice Dragons , Corban Knight 2 (Adam Clendening 1, Jordan LaVallee 1) at 10:30
Penalties :
No Penalty
2nd period
2. River Frogs , Andrew Gordon 3 (Nikita Zadorov 3, Timothy Kunes 6) at 3:47
3. River Frogs , Emerson Etem 2 (Andrew Gordon 2, Dominik Simon 7) at 7:14 (PP)
4. River Frogs , Matt Calvert 5 (Dominik Simon 8) at 9:59
5. Ice Dragons , Brandon Kozun 1 (Jordan LaVallee 2, Corban Knight 3) at 15:46
Penalties :
William Carrier (Kin) for Goalie Interference (Minor) at 6:57, Austin Watson (Lou) for Hooking (Minor) at 11:22
3rd period
6. Ice Dragons , Brandon Kozun 2 (Corban Knight 4, Jordan LaVallee 3) at 9:09
7. Ice Dragons , William Carrier 2 (Emil Pettersson 3) at 13:03
Penalties :
Thomas Greiss (Lou) for Delaying the game (Minor) at 0:16 - Timothy Kunes served the penalty, Maxim Mamin (Lou) for Goalie Interference (Minor) at 5:14, Justin Shugg (Kin) for Holding (Minor) at 5:59, Ryan Fitzgerald (Lou) for Hooking (Minor) at 14:44, Zach Trotman (Kin) for Interference (Minor) at 18:30
Goalie Stats
Thomas Greiss (Lou), 31 saves from 35 shots - (0.886), L, 2-2-0, 60:00 minutes
Chet Pickard (Kin), 39 saves from 42 shots - (0.929), W, 2-2-0, 60:00 minutes
Players Stats for River Frogs
Player Name G A P +/- PIM S H SB GA TA FO MP PP MP PK MP
------------------------------------------------------------------------------------
Aaron Ness 0 0 0 0 0 0 0 1 0 1 0/0 10:20 0:00 0:00
Andrew Gordon 1 1 2 0 0 5 1 1 0 1 1/1 22:13 1:19 3:34
Austin Watson 0 0 0 0 2 0 1 0 0 0 0/0 8:09 0:00 0:00
Beau Starrett 0 0 0 0 0 0 0 0 0 0 0/0 0:00 0:00 0:00
Bobby Farnham 0 0 0 -2 0 3 0 0 0 0 0/2 10:30 0:00 0:00
Cameron Hughes 0 0 0 0 0 0 0 0 0 0 0/0 0:00 0:00 0:00
David Kolomatis 0 0 0 0 0 0 0 1 0 0 0/0 11:31 0:00 1:11
Dillon Heatherington 0 0 0 0 0 0 0 0 0 0 0/0 6:38 0:00 0:05
Dominik Simon 0 2 2 0 0 4 0 1 2 0 16/28 17:29 1:15 0:08
Emerson Etem 1 0 1 0 0 7 2 1 1 1 7/12 22:30 1:19 3:51
Francis Perron 0 0 0 0 0 0 0 0 0 0 0/0 1:29 0:00 1:17
Jared Knight 0 0 0 0 0 1 2 0 0 0 7/10 15:49 1:12 0:00
Joakim Nordstrom 0 0 0 0 0 0 0 0 0 0 0/0 1:00 0:00 0:48
Justin Florek 0 0 0 -2 0 0 2 0 0 1 0/0 12:30 0:00 1:53
Matt Calvert 1 0 1 0 0 4 1 1 0 0 1/3 17:49 1:12 1:53
Matt Grzelcyk 0 0 0 0 0 0 0 0 0 0 0/0 5:50 0:00 0:00
Maxim Mamin 0 0 0 0 2 0 1 0 0 0 0/2 8:04 0:04 0:00
Mitch Marner 0 0 0 0 0 1 1 0 0 0 1/1 8:01 0:00 0:00
Morgan Rielly 0 0 0 -1 0 1 2 1 1 2 0/0 18:13 1:05 2:30
Nikita Zadorov 0 1 1 -1 0 4 0 4 1 0 0/0 25:37 1:26 4:12
Ondrej Kase 0 0 0 0 0 2 2 0 0 2 0/0 15:49 1:12 0:00
Richard Nejezchleb 0 0 0 0 0 0 0 0 0 0 0/0 0:00 0:00 0:00
Ryan Fitzgerald 0 0 0 -2 2 0 3 0 1 0 2/10 10:32 0:00 0:00
Shea Theodore 0 0 0 -1 0 3 0 0 1 0 0/0 18:13 1:05 2:30
Timothy Kunes 0 1 1 -1 0 7 3 3 0 1 0/0 23:45 1:26 2:56
Players Stats for Ice Dragons
Player Name G A P +/- PIM S H SB GA TA FO MP PP MP PK MP
------------------------------------------------------------------------------------
Adam Clendening 0 1 1 1 0 1 0 1 0 1 0/0 7:22 0:00 0:00
Alex Plante 0 0 0 2 0 0 3 0 0 1 0/0 18:33 3:16 0:00
Billy Sweat 0 0 0 0 0 2 2 0 2 2 1/1 17:14 3:03 0:23
Brandon Kozun 2 0 2 1 0 3 2 0 0 0 2/2 19:40 3:39 0:00
Chris Wagner 0 0 0 1 0 1 0 1 0 0 1/1 11:11 0:00 0:00
Corban Knight 1 2 3 1 0 6 3 0 3 0 16/40 22:24 3:33 1:38
Emil Pettersson 0 1 1 1 0 1 1 0 0 0 7/10 11:11 0:00 0:00
Jerome Gauthier-Leduc 0 0 0 1 0 0 1 0 0 0 0/0 13:20 0:36 1:18
Jordan LaVallee 0 3 3 1 0 5 2 1 0 0 1/2 22:26 3:33 1:40
Juho Lammikko 0 0 0 0 0 0 3 0 0 1 0/0 8:33 0:00 0:00
Justin Shugg 0 0 0 0 2 1 1 1 0 0 0/0 16:50 3:02 0:00
Kevin Connauton 0 0 0 -1 0 6 1 1 0 1 0/0 29:26 2:56 1:46
Logan MacMillan 0 0 0 0 0 1 1 0 1 0 0/0 8:33 0:00 0:00
Mario Lucia 0 0 0 0 0 0 0 0 0 0 0/0 0:08 0:06 0:00
Phil Di Giuseppe 0 0 0 0 0 0 0 0 0 0 0/0 0:35 0:06 0:27
Robin Norell 0 0 0 -1 0 0 1 0 0 0 0/0 6:18 0:00 0:28
Sam Carrick 0 0 0 0 0 2 3 1 1 0 5/11 17:14 3:03 0:23
Samuel Groulx 0 0 0 2 0 0 0 1 1 0 0/0 20:57 3:38 0:45
Theodor Blueger 0 0 0 0 0 1 0 1 0 0 1/2 8:33 0:00 0:00
William Carrier 1 0 1 1 2 3 1 2 1 0 0/0 11:41 0:00 0:31
Zach Trotman 0 0 0 0 2 2 2 0 0 1 0/0 24:03 2:58 0:45
3 Stars
1 - Corban Knight (Kin)
2 - Brandon Kozun (Kin)
3 - Jordan LaVallee (Kin)
Power Play
River Frogs - 1 on 3 Attempt(s) - 33.33%
Ice Dragons - 0 on 4 Attempt(s) - 0.00%
Penalty Kill
River Frogs - 4 on 4 Attempt(s) - 100.00%
- Score 0 goal in Penalty Kill
Ice Dragons - 2 on 3 Attempt(s) - 66.67%
- Score 0 goal in Penalty Kill
Team Stat
River Frogs - Hits : 21 - Faceoff Wins : 35 - Blocked Shots : 14 - Penalty Minutes : 8
Ice Dragons - Hits : 27 - Faceoff Wins : 34 - Blocked Shots : 10 - Penalty Minutes : 6
Official
Referees : Unknown
Linesman : Unknown
Game Notes
Adam Clendening is injured at 3:39 of 2nd period (Bruised Right Leg)
Finance
Level 1 -- Attendance: 1370 (68.50%) -- Ticket Income $54,800
Level 2 -- Attendance: 703 (70.30%) -- Ticket Income $14,060
Total Attendance: 2073 (69.10%)
Total Ticket Income: $68,860
Other Income: $3,443
Total Income: $72,303
River Frogs
5 vs 5 Forward
Center Left Wing Right Wing Time % Phy DF OF
1 Dominik Simon Emerson Etem Andrew Gordon 40 1 2 2
2 Jared Knight Matt Calvert Ondrej Kase 30 1 2 2
3 Ryan Fitzgerald Justin Florek Bobby Farnham 20 1 2 2
4 Maxim Mamin Austin Watson Mitch Marner 10 1 2 2
5 vs 5 Defense
Defense Defense Time % Phy DF OF
1 Nikita Zadorov Timothy Kunes 40 1 2 2
2 Morgan Rielly Shea Theodore 30 1 2 2
3 Aaron Ness David Kolomatis 20 1 2 2
4 Dillon Heatherington Matt Grzelcyk 10 1 2 2
PowerPlay Forward
Center Left Wing Right Wing Time % Phy DF OF
1 Dominik Simon Emerson Etem Andrew Gordon 60 1 2 2
2 Jared Knight Matt Calvert Ondrej Kase 40 1 2 2
PowerPlay Defense
Defense Defense Time % Phy DF OF
1 Nikita Zadorov Timothy Kunes 60 1 2 2
2 Morgan Rielly Shea Theodore 40 1 2 2
Penalty Kill 4 Players Forward
Center Wing Time % Phy DF OF
1 Emerson Etem Andrew Gordon 60 1 2 2
2 Matt Calvert Justin Florek 40 1 2 2
Penalty Kill 4 Players Defense
Defense Defense Time % Phy DF OF
1 Nikita Zadorov Timothy Kunes 60 1 2 2
2 Morgan Rielly Shea Theodore 40 1 2 2
Penalty Kill - 3 Players Forward
Forward Time % Phy DF OF
1 Emerson Etem 60 1 2 2
2 Andrew Gordon 40 1 2 2
Penalty Kill - 3 Players Defense
Defense Defense Time % Phy DF OF
1 Nikita Zadorov Timothy Kunes 60 1 2 2
2 Morgan Rielly Shea Theodore 40 1 2 2
4 vs 4 Forward
Center Wing Time % Phy DF OF
1 Emerson Etem Andrew Gordon 60 1 2 2
2 Matt Calvert Justin Florek 40 1 2 2
4 vs 4 Defense
Defense Defense Time % Phy DF OF
1 Nikita Zadorov Timothy Kunes 60 1 2 2
2 Morgan Rielly Shea Theodore 40 1 2 2
Last Minutes Offensive
Center Left Wing Right Wing Defense Defense
Dominik Simon Emerson Etem Andrew Gordon Nikita Zadorov Timothy Kunes
Last Minutes Defensive
Center Left Wing Right Wing Defense Defense
Dominik Simon Emerson Etem Andrew Gordon Nikita Zadorov Timothy Kunes
Goaltenders
Starting : Thomas Greiss
Backup : Tyler Beskorowany
Extra Forwards
Normal : Joakim Nordstrom, Richard Nejezchleb, Francis Perron - PP : Joakim Nordstrom, Richard Nejezchleb - PK : Francis Perron
Extra Defensemen
Normal : Aaron Ness, David Kolomatis, Dillon Heatherington - PP : Aaron Ness - PK : David Kolomatis, Dillon Heatherington
Penalty Shots
Emerson Etem, Andrew Gordon, Matt Calvert, Justin Florek, Ondrej Kase
Scratches
Christian Hanson (Groin Injury), Phoenix Copley (Healthy)
Ice Dragons
5 vs 5 Forward
Center Left Wing Right Wing Time % Phy DF OF
1 Corban Knight Jordan LaVallee Brandon Kozun 40 1 2 2
2 Sam Carrick Billy Sweat Justin Shugg 30 1 2 2
3 Emil Pettersson William Carrier Chris Wagner 20 1 2 2
4 Theodor Blueger Logan MacMillan Juho Lammikko 10 1 2 2
5 vs 5 Defense
Defense Defense Time % Phy DF OF
1 Kevin Connauton Zach Trotman 40 1 2 2
2 Samuel Groulx Adam Clendening 30 1 2 2
3 Alex Plante Jerome Gauthier-Leduc 20 1 2 2
4 Robin Norell Kevin Connauton 10 1 2 2
PowerPlay Forward
Center Left Wing Right Wing Time % Phy DF OF
1 Corban Knight Jordan LaVallee Brandon Kozun 60 1 2 2
2 Sam Carrick Billy Sweat Justin Shugg 40 1 2 2
PowerPlay Defense
Defense Defense Time % Phy DF OF
1 Kevin Connauton Zach Trotman 60 1 2 2
2 Samuel Groulx Adam Clendening 40 1 2 2
Penalty Kill 4 Players Forward
Center Wing Time % Phy DF OF
1 Corban Knight Jordan LaVallee 60 1 2 2
2 Billy Sweat Sam Carrick 40 1 2 2
Penalty Kill 4 Players Defense
Defense Defense Time % Phy DF OF
1 Kevin Connauton Zach Trotman 60 1 2 2
2 Samuel Groulx Adam Clendening 40 1 2 2
Penalty Kill - 3 Players Forward
Forward Time % Phy DF OF
1 Corban Knight 60 1 2 2
2 Jordan LaVallee 40 1 2 2
Penalty Kill - 3 Players Defense
Defense Defense Time % Phy DF OF
1 Kevin Connauton Zach Trotman 60 1 2 2
2 Samuel Groulx Adam Clendening 40 1 2 2
4 vs 4 Forward
Center Wing Time % Phy DF OF
1 Corban Knight Jordan LaVallee 60 1 2 2
2 Billy Sweat Sam Carrick 40 1 2 2
4 vs 4 Defense
Defense Defense Time % Phy DF OF
1 Kevin Connauton Zach Trotman 60 1 2 2
2 Samuel Groulx Adam Clendening 40 1 2 2
Last Minutes Offensive
Center Left Wing Right Wing Defense Defense
Corban Knight Jordan LaVallee Brandon Kozun Kevin Connauton Zach Trotman
Last Minutes Defensive
Center Left Wing Right Wing Defense Defense
Corban Knight Jordan LaVallee Brandon Kozun Kevin Connauton Zach Trotman
Goaltenders
Starting : Chet Pickard
Backup : Joacim Eriksson
Extra Forwards
Normal : Phil Di Giuseppe, Mario Lucia, William Carrier - PP : Phil Di Giuseppe, Mario Lucia - PK : William Carrier
Extra Defensemen
Normal : Alex Plante, Jerome Gauthier-Leduc, Robin Norell - PP : Alex Plante - PK : Jerome Gauthier-Leduc, Robin Norell
Penalty Shots
Corban Knight, Jordan LaVallee, Billy Sweat, Sam Carrick, William Carrier
Scratches
Thomas Gobeil (Healthy), Alex Henriksson (Healthy), Cole Ully (Healthy), Oscar Dansk (Healthy)
% Time on Ice - River Frogs
Lines # - Real PCT - Wanted PCT - Time Play
Normal Forward
1 - 33% - 40% - 16:18
2 - 30% - 30% - 14:44
3 - 21% - 20% - 10:30
4 - 16% - 10% - 8:01
Normal Defense
1 - 38% - 40% - 18:45
2 - 30% - 30% - 14:38
3 - 21% - 20% - 10:20
4 - 12% - 10% - 5:50
PP Forward
1 - 52% - 60% - 1:19
2 - 48% - 40% - 1:12
PP Defense
1 - 57% - 60% - 1:26
2 - 43% - 40% - 1:05
PK Forward
1 - 72% - 60% - 4:49
2 - 28% - 40% - 1:53
PK Defense
1 - 63% - 60% - 4:12
2 - 37% - 40% - 2:30
PK3 Forward
1 - 0% - 60%
2 - 0% - 40%
PK3 Defense
1 - 0% - 60%
2 - 0% - 40%
44 Forward
1 - 100% - 60% - 1:14
2 - 0% - 40% - 0:00
44 Defense
1 - 100% - 60% - 1:14
2 - 0% - 40% - 0:00
Last Minute Offensive - 0:00
Last Minute Defensive - 0:00
Total
Forward - 60:00
Defense - 60:00
|
% Time on Ice - Ice Dragons
Lines # - Real PCT - Wanted PCT - Time Play
Normal Forward
1 - 32% - 40% - 16:01
2 - 28% - 30% - 13:48
3 - 23% - 20% - 11:11
4 - 17% - 10% - 8:33
Normal Defense
1 - 37% - 40% - 18:24
2 - 34% - 30% - 16:43
3 - 19% - 20% - 9:20
4 - 10% - 10% - 5:06
PP Forward
1 - 54% - 60% - 3:39
2 - 46% - 40% - 3:03
PP Defense
1 - 44% - 60% - 2:58
2 - 56% - 40% - 3:44
PK Forward
1 - 85% - 60% - 2:08
2 - 15% - 40% - 0:23
PK Defense
1 - 70% - 60% - 1:46
2 - 30% - 40% - 0:45
PK3 Forward
1 - 0% - 60%
2 - 0% - 40%
PK3 Defense
1 - 0% - 60%
2 - 0% - 40%
44 Forward
1 - 100% - 60% - 1:14
2 - 0% - 40% - 0:00
44 Defense
1 - 100% - 60% - 1:14
2 - 0% - 40% - 0:00
Last Minute Offensive - 0:00
Last Minute Defensive - 0:00
Total
Forward - 60:00
Defense - 60:00
|
Play-by-Play
1st period
0:01 of 1st period - Dominik Simon wins face-off versus Corban Knight in neutral zone.
0:10 of 1st period - Snap shot by Emerson Etem.
0:10 of 1st period - Stopped by Chet Pickard with a rebound.
0:12 of 1st period - Snap shot by Nikita Zadorov.
0:12 of 1st period - Deflect By Zach Trotman.
0:12 of 1st period - Stopped by Chet Pickard with a rebound.
0:14 of 1st period - Slapshot by Timothy Kunes.
0:14 of 1st period - Deflect By Zach Trotman.
0:14 of 1st period - Stopped by Chet Pickard without a rebound.
0:15 of 1st period - Sam Carrick wins face-off versus Jared Knight in Ice Dragons zone.
0:29 of 1st period - Wrist shot by Matt Calvert.
0:29 of 1st period - Shot Misses the Net.
0:31 of 1st period - Slapshot by Morgan Rielly.
0:31 of 1st period - Deflect By Ondrej Kase.
0:31 of 1st period - Shot Blocked by Sam Carrick.
0:31 of 1st period - Puck is out of play.
0:32 of 1st period - Emil Pettersson wins face-off versus Ryan Fitzgerald in Ice Dragons zone.
0:39 of 1st period - Snap shot by William Carrier.
0:39 of 1st period - Shot Misses the Net.
2:18 of 1st period - Slapshot by Shea Theodore.
2:18 of 1st period - Stopped by Chet Pickard with a rebound.
2:26 of 1st period - Slapshot by Corban Knight.
2:26 of 1st period - Shot Misses the Net.
2:28 of 1st period - Slapshot by Jordan LaVallee.
2:28 of 1st period - Shot Misses the Net.
3:07 of 1st period - Wrist shot by Sam Carrick.
3:07 of 1st period - Stopped by Thomas Greiss without a rebound.
3:08 of 1st period - Sam Carrick wins face-off versus Jared Knight in River Frogs zone.
3:11 of 1st period - Snap shot by Billy Sweat.
3:11 of 1st period - Shot Misses the Net.
3:13 of 1st period - Snap shot by Justin Shugg.
3:13 of 1st period - Stopped by Thomas Greiss without a rebound.
3:14 of 1st period - Billy Sweat wins face-off versus Dominik Simon in River Frogs zone.
3:46 of 1st period - Slapshot by Alex Plante.
3:46 of 1st period - Shot Misses the Net.
3:52 of 1st period - Jared Knight is hit by Logan MacMillan and loses puck.
4:05 of 1st period - Bobby Farnham is hit by Corban Knight and loses puck.
4:14 of 1st period - Snap shot by Brandon Kozun.
4:14 of 1st period - Shot Misses the Net.
4:30 of 1st period - Maxim Mamin is hit by Justin Shugg and loses puck.
4:39 of 1st period - Adam Clendening is hit by Austin Watson and loses puck.
4:49 of 1st period - Off-side.
4:50 of 1st period - Emil Pettersson wins face-off versus Dominik Simon in neutral zone.
5:01 of 1st period - Emil Pettersson is hit by Timothy Kunes and loses puck.
5:16 of 1st period - Ondrej Kase is hit by Jordan LaVallee and loses puck.
5:23 of 1st period - Wrist shot by Jordan LaVallee.
5:23 of 1st period - Stopped by Thomas Greiss without a rebound.
5:24 of 1st period - Corban Knight wins face-off versus Dominik Simon in River Frogs zone.
5:33 of 1st period - Wrist shot by Jordan LaVallee.
5:33 of 1st period - Shot Blocked by Dominik Simon.
5:35 of 1st period - Wrist shot by Jordan LaVallee.
5:35 of 1st period - Shot Misses the Net.
5:37 of 1st period - Slapshot by Kevin Connauton.
5:37 of 1st period - Shot Blocked by Andrew Gordon.
5:49 of 1st period - Jared Knight is hit by Billy Sweat and loses puck.
6:10 of 1st period - Nikita Zadorov is hit by Juho Lammikko.
6:57 of 1st period - Wrist shot by Emerson Etem.
6:57 of 1st period - Stopped by Chet Pickard without a rebound.
6:58 of 1st period - Dominik Simon wins face-off versus Corban Knight in Ice Dragons zone.
6:59 of 1st period - Slapshot by Emerson Etem.
6:59 of 1st period - Stopped by Chet Pickard with a rebound.
7:01 of 1st period - Snap shot by Emerson Etem.
7:01 of 1st period - Shot Misses the Net.
7:03 of 1st period - Slapshot by Dominik Simon.
7:03 of 1st period - Stopped by Chet Pickard without a rebound.
7:04 of 1st period - Dominik Simon wins face-off versus Sam Carrick in Ice Dragons zone.
7:05 of 1st period - Snap shot by Emerson Etem.
7:05 of 1st period - Stopped by Chet Pickard with a rebound.
7:20 of 1st period - Snap shot by Emerson Etem.
7:20 of 1st period - Shot Blocked by Justin Shugg.
7:32 of 1st period - Backhand shot by Jared Knight.
7:32 of 1st period - Deflect By Ondrej Kase.
7:32 of 1st period - Shot Misses the Net.
7:32 of 1st period - Puck is out of play.
7:33 of 1st period - Jared Knight wins face-off versus Corban Knight in Ice Dragons zone.
7:36 of 1st period - Snap shot by Matt Calvert.
7:36 of 1st period - Stopped by Chet Pickard with a rebound.
7:38 of 1st period - Slapshot by Ondrej Kase.
7:38 of 1st period - Stopped by Chet Pickard with a rebound.
7:40 of 1st period - Slapshot by Timothy Kunes.
7:40 of 1st period - Stopped by Chet Pickard with a rebound.
7:42 of 1st period - Wrist shot by Matt Calvert.
7:42 of 1st period - Stopped by Chet Pickard with a rebound.
7:44 of 1st period - Slapshot by Nikita Zadorov.
7:44 of 1st period - Shot Blocked by Kevin Connauton.
8:00 of 1st period - Dominik Simon is hit by Sam Carrick.
8:08 of 1st period - Wrist shot by Sam Carrick.
8:08 of 1st period - Deflect By Timothy Kunes.
8:08 of 1st period - Shot Blocked by Timothy Kunes.
8:08 of 1st period - Puck is out of play.
8:09 of 1st period - Sam Carrick wins face-off versus Ryan Fitzgerald in River Frogs zone.
9:04 of 1st period - Wrist shot by Emil Pettersson.
9:04 of 1st period - Shot Blocked by Morgan Rielly.
9:40 of 1st period - Wrist shot by Justin Florek.
9:40 of 1st period - Deflect By Bobby Farnham.
9:40 of 1st period - Stopped by Chet Pickard with a rebound.
9:46 of 1st period - Slapshot by Zach Trotman.
9:46 of 1st period - Stopped by Thomas Greiss with a rebound.
9:56 of 1st period - Snap shot by Juho Lammikko.
9:56 of 1st period - Shot Misses the Net.
9:58 of 1st period - Slapshot by Zach Trotman.
9:58 of 1st period - Shot Misses the Net.
10:00 of 1st period - Slapshot by Kevin Connauton.
10:00 of 1st period - Shot Misses the Net.
10:02 of 1st period - Slapshot by Zach Trotman.
10:02 of 1st period - Shot Blocked by Timothy Kunes.
10:04 of 1st period - Slapshot by Kevin Connauton.
10:04 of 1st period - Stopped by Thomas Greiss with a rebound.
10:06 of 1st period - Wrist shot by Kevin Connauton.
10:06 of 1st period - Stopped by Thomas Greiss with a rebound.
10:08 of 1st period - Wrist shot by Logan MacMillan.
10:08 of 1st period - Shot Misses the Net.
10:10 of 1st period - Slapshot by Kevin Connauton.
10:10 of 1st period - Deflect By Nikita Zadorov.
10:10 of 1st period - Stopped by Thomas Greiss with a rebound.
10:12 of 1st period - Slapshot by Logan MacMillan.
10:12 of 1st period - Shot Blocked by Nikita Zadorov.
10:14 of 1st period - Snap shot by Zach Trotman.
10:14 of 1st period - Stopped by Thomas Greiss with a rebound.
10:16 of 1st period - Slapshot by Kevin Connauton.
10:16 of 1st period - Stopped by Thomas Greiss without a rebound.
10:17 of 1st period - Corban Knight wins face-off versus Emerson Etem in River Frogs zone.
10:26 of 1st period - Snap shot by Corban Knight.
10:26 of 1st period - Shot Blocked by David Kolomatis.
10:28 of 1st period - Slapshot by Adam Clendening.
10:28 of 1st period - Stopped by Thomas Greiss with a rebound.
10:30 of 1st period - Wrist shot by Corban Knight.
10:30 of 1st period - Goal by Corban Knight - River Frogs : 0 - Ice Dragons : 1.
10:31 of 1st period - Dominik Simon wins face-off versus Corban Knight in neutral zone.
10:36 of 1st period - Icing by Jordan LaVallee.
10:37 of 1st period - Dominik Simon wins face-off versus Corban Knight in Ice Dragons zone.
10:52 of 1st period - Snap shot by Emerson Etem.
10:52 of 1st period - Deflect By Andrew Gordon.
10:52 of 1st period - Stopped by Chet Pickard without a rebound.
10:53 of 1st period - Jared Knight wins face-off versus Sam Carrick in Ice Dragons zone.
11:06 of 1st period - Snap shot by Billy Sweat.
11:06 of 1st period - Shot Misses the Net.
11:24 of 1st period - Wrist shot by Bobby Farnham.
11:24 of 1st period - Deflect By Justin Florek.
11:24 of 1st period - Shot Misses the Net.
11:24 of 1st period - Puck is out of play.
11:25 of 1st period - Corban Knight wins face-off versus Ryan Fitzgerald in Ice Dragons zone.
11:35 of 1st period - Adam Clendening is hit by Justin Florek and loses puck.
11:56 of 1st period - Jerome Gauthier-Leduc is hit by Emerson Etem and loses puck.
14:09 of 1st period - Kevin Connauton is hit by Timothy Kunes and loses puck.
14:28 of 1st period - Snap shot by Emerson Etem.
14:28 of 1st period - Shot Misses the Net.
14:30 of 1st period - Slapshot by Dominik Simon.
14:30 of 1st period - Shot Misses the Net.
14:32 of 1st period - Wrist shot by Dominik Simon.
14:32 of 1st period - Stopped by Chet Pickard without a rebound.
14:33 of 1st period - Emerson Etem wins face-off versus Sam Carrick in Ice Dragons zone.
15:05 of 1st period - Samuel Groulx is hit by Jared Knight and loses puck.
15:16 of 1st period - Snap shot by Matt Calvert.
15:16 of 1st period - Stopped by Chet Pickard with a rebound.
15:26 of 1st period - Emil Pettersson is hit by Ryan Fitzgerald and loses puck.
16:26 of 1st period - Corban Knight is hit by Justin Florek and loses puck.
16:33 of 1st period - Wrist shot by Brandon Kozun.
16:33 of 1st period - Deflect By Jordan LaVallee.
16:33 of 1st period - Stopped by Thomas Greiss with a rebound.
16:35 of 1st period - Snap shot by Jordan LaVallee.
16:35 of 1st period - Stopped by Thomas Greiss without a rebound.
16:36 of 1st period - Dominik Simon wins face-off versus Emil Pettersson in River Frogs zone.
16:41 of 1st period - Wrist shot by Dominik Simon.
16:41 of 1st period - Shot Blocked by William Carrier.
17:09 of 1st period - Snap shot by Corban Knight.
17:09 of 1st period - Stopped by Thomas Greiss with a rebound.
17:46 of 1st period - Dominik Simon is hit by Juho Lammikko and loses puck.
18:09 of 1st period - Wrist shot by Shea Theodore.
18:09 of 1st period - Stopped by Chet Pickard without a rebound.
18:10 of 1st period - Emil Pettersson wins face-off versus Maxim Mamin in Ice Dragons zone.
19:08 of 1st period - Slapshot by Sam Carrick.
19:08 of 1st period - Shot Misses the Net.
19:36 of 1st period - Icing by Andrew Gordon.
19:37 of 1st period - Theodor Blueger wins face-off versus Matt Calvert in River Frogs zone.
19:48 of 1st period - Snap shot by Theodor Blueger.
19:48 of 1st period - Stopped by Thomas Greiss with a rebound.
Goals for this period are 0 for River Frogs vs 1 for Ice Dragons.
Shots for this period are 17 for River Frogs vs 15 for Ice Dragons.
2nd period
0:01 of 2nd period - Corban Knight wins face-off versus Dominik Simon in neutral zone.
0:10 of 2nd period - Snap shot by Brandon Kozun.
0:10 of 2nd period - Stopped by Thomas Greiss with a rebound.
0:32 of 2nd period - Icing by Morgan Rielly.
0:33 of 2nd period - Jared Knight wins face-off versus Sam Carrick in River Frogs zone.
0:38 of 2nd period - Backhand shot by Billy Sweat.
0:38 of 2nd period - Deflect By Morgan Rielly.
0:38 of 2nd period - Stopped by Thomas Greiss with a rebound.
1:04 of 2nd period - Billy Sweat is hit by Ondrej Kase and loses puck.
1:27 of 2nd period - Wrist shot by Sam Carrick.
1:27 of 2nd period - Stopped by Thomas Greiss without a rebound.
1:28 of 2nd period - Brandon Kozun wins face-off versus Dominik Simon in River Frogs zone.
2:11 of 2nd period - Off-side.
2:12 of 2nd period - Mitch Marner wins face-off versus Theodor Blueger in neutral zone.
2:15 of 2nd period - Juho Lammikko is hit by Mitch Marner and loses puck.
2:29 of 2nd period - Off-side.
2:30 of 2nd period - Emerson Etem wins face-off versus Corban Knight in neutral zone.
2:43 of 2nd period - Snap shot by Dominik Simon.
2:43 of 2nd period - Stopped by Chet Pickard without a rebound.
2:44 of 2nd period - Dominik Simon wins face-off versus Corban Knight in Ice Dragons zone.
2:51 of 2nd period - Slapshot by Andrew Gordon.
2:51 of 2nd period - Shot Misses the Net.
3:20 of 2nd period - Matt Calvert is hit by Sam Carrick and loses puck.
3:39 of 2nd period - Snap shot by Justin Florek.
3:39 of 2nd period - Deflect By Ryan Fitzgerald.
3:39 of 2nd period - Shot Blocked by Adam Clendening.
3:39 of 2nd period - Adam Clendening from Ice Dragons is injured at 3:39 of 2nd period (Bruised Right Leg).
3:40 of 2nd period - Dominik Simon wins face-off versus Corban Knight in Ice Dragons zone.
3:41 of 2nd period - Snap shot by Emerson Etem.
3:41 of 2nd period - Stopped by Chet Pickard with a rebound.
3:43 of 2nd period - Backhand shot by Timothy Kunes.
3:43 of 2nd period - Shot Hit the Post.
3:45 of 2nd period - Slapshot by Nikita Zadorov.
3:45 of 2nd period - Shot Blocked by Jordan LaVallee.
3:47 of 2nd period - Wrist shot by Andrew Gordon.
3:47 of 2nd period - Goal by Andrew Gordon - River Frogs : 1 - Ice Dragons : 1.
3:48 of 2nd period - Corban Knight wins face-off versus Dominik Simon in neutral zone.
3:56 of 2nd period - Wrist shot by Jordan LaVallee.
3:56 of 2nd period - Stopped by Thomas Greiss without a rebound.
3:57 of 2nd period - Dominik Simon wins face-off versus Corban Knight in River Frogs zone.
4:11 of 2nd period - Snap shot by Corban Knight.
4:11 of 2nd period - Shot Misses the Net.
4:13 of 2nd period - Slapshot by Kevin Connauton.
4:13 of 2nd period - Deflect By Corban Knight.
4:13 of 2nd period - Shot Misses the Net.
4:13 of 2nd period - Puck is out of play.
4:14 of 2nd period - Jared Knight wins face-off versus Sam Carrick in River Frogs zone.
4:36 of 2nd period - Icing by Kevin Connauton.
4:37 of 2nd period - Dominik Simon wins face-off versus Corban Knight in Ice Dragons zone.
5:02 of 2nd period - Samuel Groulx is hit by Jared Knight.
5:26 of 2nd period - Shea Theodore is hit by Emil Pettersson and loses puck.
5:56 of 2nd period - Matt Grzelcyk is hit by Juho Lammikko and loses puck.
6:16 of 2nd period - Emerson Etem is hit by Brandon Kozun and loses puck.
6:31 of 2nd period - Snap shot by Billy Sweat.
6:31 of 2nd period - Shot Misses the Net.
6:33 of 2nd period - Wrist shot by Billy Sweat.
6:33 of 2nd period - Shot Misses the Net.
6:53 of 2nd period - Snap shot by Bobby Farnham.
6:53 of 2nd period - Stopped by Chet Pickard without a rebound.
6:54 of 2nd period - Emil Pettersson wins face-off versus Ryan Fitzgerald in Ice Dragons zone.
6:54 of 2nd period - Emil Pettersson is hit by Ryan Fitzgerald.
6:57 of 2nd period - Minor Penalty to William Carrier for Goalie Interference.
6:58 of 2nd period - Corban Knight wins face-off versus Dominik Simon in Ice Dragons zone.
7:14 of 2nd period - Backhand shot by Emerson Etem.
7:14 of 2nd period - Goal by Emerson Etem - River Frogs : 2 - Ice Dragons : 1.
7:15 of 2nd period - Dominik Simon wins face-off versus Corban Knight in neutral zone.
8:04 of 2nd period - Nikita Zadorov is hit by Alex Plante and loses puck.
8:09 of 2nd period - Wrist shot by Logan MacMillan.
8:09 of 2nd period - Stopped by Thomas Greiss with a rebound.
8:11 of 2nd period - Slapshot by Alex Plante.
8:11 of 2nd period - Shot Blocked by Timothy Kunes.
8:23 of 2nd period - Snap shot by Kevin Connauton.
8:23 of 2nd period - Deflect By Corban Knight.
8:23 of 2nd period - Stopped by Thomas Greiss without a rebound.
8:24 of 2nd period - Dominik Simon wins face-off versus Corban Knight in River Frogs zone.
8:24 of 2nd period - Dominik Simon is hit by Corban Knight.
8:32 of 2nd period - Slapshot by Morgan Rielly.
8:32 of 2nd period - Stopped by Chet Pickard with a rebound.
8:34 of 2nd period - Slapshot by Shea Theodore.
8:34 of 2nd period - Deflect By Zach Trotman.
8:34 of 2nd period - Stopped by Chet Pickard with a rebound.
9:14 of 2nd period - Shea Theodore is hit by Alex Plante and loses puck.
9:41 of 2nd period - Snap shot by William Carrier.
9:41 of 2nd period - Shot Misses the Net.
9:43 of 2nd period - Slapshot by William Carrier.
9:43 of 2nd period - Deflect By Chris Wagner.
9:43 of 2nd period - Stopped by Thomas Greiss with a rebound.
9:59 of 2nd period - Wrist shot by Matt Calvert.
9:59 of 2nd period - Goal by Matt Calvert - River Frogs : 3 - Ice Dragons : 1.
10:00 of 2nd period - Dominik Simon wins face-off versus Corban Knight in neutral zone.
10:27 of 2nd period - Billy Sweat is hit by Timothy Kunes and loses puck.
10:57 of 2nd period - William Carrier is hit by Morgan Rielly and loses puck.
11:22 of 2nd period - Minor Penalty to Austin Watson for Hooking.
11:23 of 2nd period - Jordan LaVallee wins face-off versus Emerson Etem in River Frogs zone.
11:38 of 2nd period - Andrew Gordon is hit by Jordan LaVallee and loses puck.
11:57 of 2nd period - Timothy Kunes is hit by Billy Sweat and loses puck.
13:19 of 2nd period - Timothy Kunes is hit by Brandon Kozun and loses puck.
13:22 of 2nd period - Penalty to Austin Watson is over, Austin Watson is back on ice.
13:26 of 2nd period - Snap shot by Timothy Kunes.
13:26 of 2nd period - Stopped by Chet Pickard with a rebound.
13:28 of 2nd period - Slapshot by Timothy Kunes.
13:28 of 2nd period - Stopped by Chet Pickard with a rebound.
13:30 of 2nd period - Slapshot by Nikita Zadorov.
13:30 of 2nd period - Stopped by Chet Pickard without a rebound.
13:31 of 2nd period - Jared Knight wins face-off versus Emil Pettersson in Ice Dragons zone.
14:37 of 2nd period - Dillon Heatherington is hit by Jerome Gauthier-Leduc and loses puck.
15:17 of 2nd period - Snap shot by Emerson Etem.
15:17 of 2nd period - Stopped by Chet Pickard with a rebound.
15:19 of 2nd period - Slapshot by Timothy Kunes.
15:19 of 2nd period - Shot Blocked by Chris Wagner.
15:21 of 2nd period - Slapshot by Andrew Gordon.
15:21 of 2nd period - Stopped by Chet Pickard without a rebound.
15:22 of 2nd period - Ryan Fitzgerald wins face-off versus Corban Knight in Ice Dragons zone.
15:25 of 2nd period - Slapshot by Nikita Zadorov.
15:25 of 2nd period - Stopped by Chet Pickard with a rebound.
15:27 of 2nd period - Slapshot by Timothy Kunes.
15:27 of 2nd period - Stopped by Chet Pickard with a rebound.
15:29 of 2nd period - Snap shot by Bobby Farnham.
15:29 of 2nd period - Stopped by Chet Pickard without a rebound.
15:30 of 2nd period - Corban Knight wins face-off versus Ryan Fitzgerald in Ice Dragons zone.
15:40 of 2nd period - Icing by Nikita Zadorov.
15:41 of 2nd period - Corban Knight wins face-off versus Ryan Fitzgerald in River Frogs zone.
15:46 of 2nd period - Wrist shot by Brandon Kozun.
15:46 of 2nd period - Goal by Brandon Kozun - River Frogs : 3 - Ice Dragons : 2.
15:47 of 2nd period - Andrew Gordon wins face-off versus Corban Knight in neutral zone.
16:02 of 2nd period - Slapshot by Timothy Kunes.
16:02 of 2nd period - Stopped by Chet Pickard without a rebound.
16:03 of 2nd period - Jared Knight wins face-off versus Sam Carrick in Ice Dragons zone.
16:14 of 2nd period - Slapshot by Zach Trotman.
16:14 of 2nd period - Shot Blocked by Nikita Zadorov.
16:16 of 2nd period - Slapshot by Zach Trotman.
16:16 of 2nd period - Deflect By Sam Carrick.
16:16 of 2nd period - Shot Blocked by Nikita Zadorov.
16:16 of 2nd period - Puck is out of play.
16:17 of 2nd period - Corban Knight wins face-off versus Dominik Simon in River Frogs zone.
18:30 of 2nd period - Snap shot by William Carrier.
18:30 of 2nd period - Shot Blocked by Aaron Ness.
18:32 of 2nd period - Slapshot by Emil Pettersson.
18:32 of 2nd period - Shot Misses the Net.
18:51 of 2nd period - Snap shot by Logan MacMillan.
18:51 of 2nd period - Shot Misses the Net.
19:07 of 2nd period - Emerson Etem is hit by Robin Norell and loses puck.
19:34 of 2nd period - Matt Calvert is hit by Sam Carrick and loses puck.
19:45 of 2nd period - Wrist shot by William Carrier.
19:45 of 2nd period - Stopped by Thomas Greiss without a rebound.
19:46 of 2nd period - Emil Pettersson wins face-off versus Ryan Fitzgerald in River Frogs zone.
19:52 of 2nd period - Off-side.
19:53 of 2nd period - Corban Knight wins face-off versus Dominik Simon in neutral zone.
Goals for this period are 3 for River Frogs vs 1 for Ice Dragons.
Shots for this period are 17 for River Frogs vs 9 for Ice Dragons.
3rd period
0:01 of 3rd period - Dominik Simon wins face-off versus Corban Knight in neutral zone.
0:16 of 3rd period - Slapshot by Jordan LaVallee.
0:16 of 3rd period - Stopped by Thomas Greiss without a rebound.
0:16 of 3rd period - Minor Penalty to Thomas Greiss for Delaying the game.
0:17 of 3rd period - Corban Knight wins face-off versus Emerson Etem in River Frogs zone.
0:26 of 3rd period - Emerson Etem is hit by Kevin Connauton and loses puck.
0:51 of 3rd period - Snap shot by Zach Trotman.
0:51 of 3rd period - Shot Misses the Net.
0:53 of 3rd period - Slapshot by Kevin Connauton.
0:53 of 3rd period - Stopped by Thomas Greiss without a rebound.
0:54 of 3rd period - Matt Calvert wins face-off versus Corban Knight in River Frogs zone.
1:07 of 3rd period - Wrist shot by Corban Knight.
1:07 of 3rd period - Shot Misses the Net.
1:23 of 3rd period - Wrist shot by Billy Sweat.
1:23 of 3rd period - Stopped by Thomas Greiss with a rebound.
2:16 of 3rd period - Penalty to Timothy Kunes is over, Timothy Kunes is back on ice.
2:17 of 3rd period - Timothy Kunes is hit by Alex Plante and loses puck.
2:38 of 3rd period - Wrist shot by Emil Pettersson.
2:38 of 3rd period - Stopped by Thomas Greiss with a rebound.
3:09 of 3rd period - Off-side.
3:10 of 3rd period - Sam Carrick wins face-off versus Bobby Farnham in neutral zone.
3:44 of 3rd period - Snap shot by Corban Knight.
3:44 of 3rd period - Stopped by Thomas Greiss with a rebound.
3:46 of 3rd period - Wrist shot by Brandon Kozun.
3:46 of 3rd period - Deflect By Corban Knight.
3:46 of 3rd period - Stopped by Thomas Greiss with a rebound.
3:48 of 3rd period - Slapshot by Corban Knight.
3:48 of 3rd period - Shot Misses the Net.
4:06 of 3rd period - Wrist shot by Dominik Simon.
4:06 of 3rd period - Stopped by Chet Pickard with a rebound.
4:08 of 3rd period - Wrist shot by Shea Theodore.
4:08 of 3rd period - Deflect By Andrew Gordon.
4:08 of 3rd period - Stopped by Chet Pickard without a rebound.
4:09 of 3rd period - Corban Knight wins face-off versus Dominik Simon in Ice Dragons zone.
4:34 of 3rd period - Jared Knight is hit by Zach Trotman and loses puck.
5:14 of 3rd period - Minor Penalty to Maxim Mamin for Goalie Interference.
5:15 of 3rd period - Emerson Etem wins face-off versus Corban Knight in River Frogs zone.
5:28 of 3rd period - Snap shot by Samuel Groulx.
5:28 of 3rd period - Shot Blocked by Nikita Zadorov.
5:59 of 3rd period - Minor Penalty to Justin Shugg for Holding.
6:00 of 3rd period - Emerson Etem wins face-off versus Corban Knight in Ice Dragons zone.
6:19 of 3rd period - Icing by Zach Trotman.
6:20 of 3rd period - Emerson Etem wins face-off versus Corban Knight in Ice Dragons zone.
6:23 of 3rd period - Wrist shot by Andrew Gordon.
6:23 of 3rd period - Shot Misses the Net.
6:38 of 3rd period - Icing by Timothy Kunes.
6:39 of 3rd period - Emerson Etem wins face-off versus Corban Knight in River Frogs zone.
6:46 of 3rd period - Slapshot by Nikita Zadorov.
6:46 of 3rd period - Stopped by Chet Pickard without a rebound.
6:47 of 3rd period - Emerson Etem wins face-off versus Corban Knight in Ice Dragons zone.
6:48 of 3rd period - Backhand shot by Andrew Gordon.
6:48 of 3rd period - Stopped by Chet Pickard with a rebound.
7:14 of 3rd period - Penalty to Maxim Mamin is over, Maxim Mamin is back on ice.
7:29 of 3rd period - Snap shot by Matt Calvert.
7:29 of 3rd period - Shot Blocked by William Carrier.
7:31 of 3rd period - Wrist shot by Ondrej Kase.
7:31 of 3rd period - Stopped by Chet Pickard without a rebound.
7:32 of 3rd period - Jared Knight wins face-off versus Corban Knight in Ice Dragons zone.
7:39 of 3rd period - Snap shot by Shea Theodore.
7:39 of 3rd period - Shot Misses the Net.
7:41 of 3rd period - Slapshot by Jared Knight.
7:41 of 3rd period - Stopped by Chet Pickard with a rebound.
7:43 of 3rd period - Slapshot by Ondrej Kase.
7:43 of 3rd period - Shot Hit the Post.
7:59 of 3rd period - Penalty to Justin Shugg is over, Justin Shugg is back on ice.
7:59 of 3rd period - Zach Trotman is hit by Emerson Etem and loses puck.
8:14 of 3rd period - Snap shot by William Carrier.
8:14 of 3rd period - Stopped by Thomas Greiss without a rebound.
8:15 of 3rd period - Ryan Fitzgerald wins face-off versus Emil Pettersson in River Frogs zone.
9:09 of 3rd period - Slapshot by Brandon Kozun.
9:09 of 3rd period - Goal by Brandon Kozun - River Frogs : 3 - Ice Dragons : 3.
9:10 of 3rd period - Corban Knight wins face-off versus Emerson Etem in neutral zone.
9:23 of 3rd period - Snap shot by Brandon Kozun.
9:23 of 3rd period - Shot Blocked by Emerson Etem.
10:27 of 3rd period - Snap shot by Chris Wagner.
10:27 of 3rd period - Shot Hit the Post.
10:39 of 3rd period - Corban Knight is hit by Morgan Rielly and loses puck.
11:44 of 3rd period - Snap shot by Mitch Marner.
11:44 of 3rd period - Stopped by Chet Pickard without a rebound.
11:45 of 3rd period - Emil Pettersson wins face-off versus Maxim Mamin in Ice Dragons zone.
12:16 of 3rd period - Off-side.
12:17 of 3rd period - Corban Knight wins face-off versus Dominik Simon in neutral zone.
12:30 of 3rd period - Snap shot by Corban Knight.
12:30 of 3rd period - Stopped by Thomas Greiss with a rebound.
12:32 of 3rd period - Slapshot by Jerome Gauthier-Leduc.
12:32 of 3rd period - Shot Misses the Net.
12:42 of 3rd period - Jerome Gauthier-Leduc is hit by Matt Calvert and loses puck.
12:51 of 3rd period - Slapshot by Kevin Connauton.
12:51 of 3rd period - Stopped by Thomas Greiss with a rebound.
13:01 of 3rd period - Slapshot by Emil Pettersson.
13:01 of 3rd period - Deflect By William Carrier.
13:01 of 3rd period - Shot Misses the Net.
13:01 of 3rd period - Puck is out of play.
13:02 of 3rd period - Emil Pettersson wins face-off versus Ryan Fitzgerald in River Frogs zone.
13:03 of 3rd period - Snap shot by William Carrier.
13:03 of 3rd period - Goal by William Carrier - River Frogs : 3 - Ice Dragons : 4.
13:04 of 3rd period - Corban Knight wins face-off versus Dominik Simon in neutral zone.
14:05 of 3rd period - Snap shot by Ondrej Kase.
14:05 of 3rd period - Deflect By Jared Knight.
14:05 of 3rd period - Deflect By Logan MacMillan.
14:05 of 3rd period - Shot Blocked by Theodor Blueger.
14:05 of 3rd period - Puck is out of play.
14:06 of 3rd period - Dominik Simon wins face-off versus Jordan LaVallee in Ice Dragons zone.
14:30 of 3rd period - Icing by Jordan LaVallee.
14:31 of 3rd period - Brandon Kozun wins face-off versus Bobby Farnham in Ice Dragons zone.
14:31 of 3rd period - Brandon Kozun is hit by Ryan Fitzgerald.
14:44 of 3rd period - Minor Penalty to Ryan Fitzgerald for Hooking.
14:45 of 3rd period - Corban Knight wins face-off versus Emerson Etem in River Frogs zone.
15:15 of 3rd period - Andrew Gordon is hit by Zach Trotman and loses puck.
15:32 of 3rd period - Slapshot by Justin Florek.
15:32 of 3rd period - Shot Blocked by Samuel Groulx.
15:34 of 3rd period - Slapshot by Timothy Kunes.
15:34 of 3rd period - Stopped by Chet Pickard without a rebound.
15:35 of 3rd period - Sam Carrick wins face-off versus Matt Calvert in Ice Dragons zone.
16:44 of 3rd period - Penalty to Ryan Fitzgerald is over, Ryan Fitzgerald is back on ice.
16:52 of 3rd period - Jared Knight is hit by William Carrier and loses puck.
17:22 of 3rd period - Bobby Farnham is hit by Corban Knight and loses puck.
17:39 of 3rd period - Theodor Blueger is hit by Maxim Mamin and loses puck.
17:54 of 3rd period - Samuel Groulx is hit by Andrew Gordon and loses puck.
18:09 of 3rd period - Snap shot by William Carrier.
18:09 of 3rd period - Deflect By Chris Wagner.
18:09 of 3rd period - Shot Blocked by Matt Calvert.
18:09 of 3rd period - Puck is out of play.
18:10 of 3rd period - Chris Wagner wins face-off versus Jared Knight in River Frogs zone.
18:11 of 3rd period - Snap shot by William Carrier.
18:11 of 3rd period - Shot Misses the Net.
18:13 of 3rd period - Wrist shot by Emil Pettersson.
18:13 of 3rd period - Shot Misses the Net.
18:30 of 3rd period - Minor Penalty to Zach Trotman for Interference.
18:31 of 3rd period - Dominik Simon wins face-off versus Corban Knight in Ice Dragons zone.
19:53 of 3rd period - Robin Norell is hit by Ondrej Kase and loses puck.
Goals for this period are 0 for River Frogs vs 2 for Ice Dragons.
Shots for this period are 8 for River Frogs vs 11 for Ice Dragons.